 Dungeon Crawl Stone Soup version 0.31-a0-210-gccc998df9b (webtiles) character file.

Game seed: 18016412718158555897

156 qw the Shooter (level 5, -5/45 HPs)
             Began as a Minotaur Hexslinger on June 30, 2023.
             Killed by divine providence
             ... invoked by an orc priest
              (14 damage)
             ... on level 3 of the Dungeon.
             The game lasted 00:00:57 (1563 turns).

qw the Shooter (Minotaur Hexslinger)                Turns: 1563, Time: 00:00:57

Health: -5/45      AC:  4    Str: 13    XL:     5   Next: 14%
Magic:  5/5        EV: 12    Int: 10    God:
Gold:   72         SH:  0    Dex: 14    Spells: 5/6 levels left

rFire   . . .        Y - +1 sling (drain)
rCold   . . .        (no shield)
rNeg    . . .        k - +0 leather armour
rPois   .            (helmet restricted)
rElec   .            (no cloak)
rCorr   .            f - +0 pair of gloves
SInv    .            (no boots)
Will    .....        (no amulet)
Stlth   +            (no ring)
HPRegen 0.27/turn    (no ring)
MPRegen 0.09/turn

%: no passive effects
@: slowed, very slow
A: horns 2, retaliatory headbutt
a: no special abilities


You were on level 3 of the Dungeon.
You visited 1 branch of the dungeon, and saw 3 of its levels.

You collected 123 gold pieces.
You spent 51 gold pieces at shops.


Innate Abilities, Weirdness & Mutations

You have a pair of horns on your head.
You reflexively headbutt those who attack you in melee.


   Skills:
 - Level 3.1 Fighting
 + Level 5.3 Ranged Weapons
 - Level 2.1 Dodging
 - Level 1.0 Spellcasting
 - Level 2.0 Hexes


You had 5 spell levels left.
You knew the following spells:

 Your Spells              Type           Power      Damage    Failure   Level
a - Slow                  Hex            16%        N/A       19%         1

Your spell library contained the following spells:

 Spells                   Type           Power      Damage    Failure   Level
 Inner Flame              Hex/Fire       2%         N/A       65%         3
 Portal Projectile        Hex/Tloc       4%         N/A       65%         3
 Cause Fear               Hex            2%         N/A       88%         4

Inventory:

Hand Weapons
 Y - a +1 sling of draining (weapon)
Armour
 c - a +0 ring mail
 f - a +0 pair of gloves (worn)
 k - a +0 leather armour (worn)
Jewellery
 b - a ring of fire
Scrolls
 a - a scroll of noise {unknown}
 l - a scroll of enchant armour {unknown}
Potions
 d - 2 potions of curing
 e - a potion of degeneration {unknown}
 g - a potion of might {unknown}
 h - a potion of experience {unknown}
 i - a potion of lignification {unknown}
 j - a potion of haste {unknown}

Dungeon Overview and Level Annotations

Branches:
Dungeon (3/15)

Altars:

Shops:
D:1 *(*   D:2 [*


Message History

The orc wizard mumbles some strange words.
The orc wizard flickers and vanishes!
Deactivating autopickup; reactivate with Ctrl-A.
Natasha claws you.
The orc wizard mumbles some strange words.
The orc wizard flickers and vanishes!
You shoot a sling bullet.
The sling bullet closely misses Natasha.
Natasha barely misses you.
The orc priest calls down the wrath of Beogh upon you.
Beogh smites you!
Natasha stares at you and mumbles some strange words.
You resist with some effort.
You shoot a sling bullet. The sling bullet hits Natasha.
You kill Natasha!
Natasha growls in agony!
A puff of flame appears from out of thin air!
The puff of flame hits something!
A rat comes into view.
The rat moves out of view.
Your Fighting skill increases to level 3!
You have reached level 5!
You shoot a sling bullet. The sling bullet hits the orc priest.
You drain the orc priest.
The orc priest is heavily wounded.
You hear some strange, mumbled words.
You are confused.
The orc priest looks encouraged for a moment.
Something completely misses you.
1562 ||| DRINKING 3 potions of curing.
You feel better.
1562 ||| (to cure confusion)
Something hits you.
You shoot a sling bullet. The sling bullet hits the orc priest.
The orc priest is severely wounded.
You hear some strange, mumbled words.
A magic dart appears from out of thin air!
The magic dart hits you. Something hits you but does no damage.
The orc priest calls down the wrath of Beogh upon you.
Beogh smites you!
You die...

.... .... .... ....
########## ....
#......#.# .... .
#...>..#.# .... ...
#......#.# ####
..)..##@..####.######
....ro{{............#
.....##...######..#.#
.... #..........#.#.#
... #..........#.#.#
# ..
#..........#.#.#### #
#..........#.......
#..........###...#.
#..................


You could see an orc priest (very drained) and a rat.

Vanquished Creatures
  Ijyb (D:3)
  Natasha (D:3)
  4 adders
  A worm (D:2)
  A dart slug (D:2)
  An orc (D:3)
  7 ball pythons
  6 endoplasms
  3 giant cockroaches
  7 goblins
  5 hobgoblins
  2 jackals (D:1)
  4 quokkas
  5 bats
  A frilled lizard (D:2)
  4 kobolds
  7 rats
60 creatures vanquished.

Notes
Turn   | Place    | Note
-------+----------+-------------------------------------------
     0 | D:1      | qw the Minotaur Hexslinger began the quest for the Orb.
     0 | D:1      | Reached XP level 1. HP: 16/16 MP: 1/1
     0 | D:1      | 0 ||| qw: Version: 0.3-a-24-ga2abf7b
     0 | D:1      | 0 ||| qw: Game counter: 7106
     0 | D:1      | 0 ||| qw: Melee chars always use a shield: true
     0 | D:1      | 0 ||| qw: God list: Okawaru
     0 | D:1      | 0 ||| qw: Allow faded altars: false
     0 | D:1      | 0 ||| qw: Do Orc after clearing Dungeon:15 true
     0 | D:1      | 0 ||| qw: Do second Lair branch before Depths: true
     0 | D:1      | 0 ||| qw: Lair rune preference: random
     0 | D:1      | 0 ||| qw: Goals: Normal
     0 | D:1      | 0 ||| PLANNING D:1-11
    85 | D:1      | Reached skill level 3 in Ranged Weapons
    85 | D:1      | Reached XP level 2. HP: 18/23 MP: 2/2
   239 | D:1      | Found Egotaluc's Assorted Antiques.
   263 | D:1      | 263 ||| BUYING brown potion (13 gold).
   263 | D:1      | Bought a brown potion for 13 gold pieces
   263 | D:1      | 263 ||| SHOPLISTING leather armour (30 gold, have 1).
   263 | D:1      | 263 ||| SHOPLISTING pair of boots (67 gold, have 1).
   263 | D:1      | 263 ||| SHOPLISTING puce potion (13 gold, have 1).
   263 | D:1      | 263 ||| SHOPLISTING ring mail (60 gold, have 1).
   263 | D:1      | 263 ||| SHOPLISTING scroll labelled FUZEIN LOJIOB (15 gold,
                  | have 1).
   263 | D:1      | 263 ||| SHOPLISTING scroll labelled ICI LOQOHU (15 gold,
                  | have 1).
   281 | D:1      | Found Vidghyff's Weapon Shoppe.
   350 | D:1      | Reached XP level 3. HP: 29/29 MP: 3/3
   350 | D:1      | Found Dupheac's Assorted Antiques.
   374 | D:1      | 374 ||| SHOPLISTING glowing leather armour (155 gold, have
                  | 14).
   374 | D:1      | 374 ||| SHOPLISTING sapphire potion (27 gold, have 14).
   374 | D:1      | 374 ||| SHOPLISTING scroll labelled EWNAR FOALU (31 gold,
                  | have 14).
   374 | D:1      | 374 ||| SHOPLISTING wizard robe (176 gold, have 14).
   508 | D:1      | 508 ||| UPGRADING to +0 pair of gloves.
   513 | D:1      | 513 ||| UPGRADING to +0 leather armour.
   523 | D:1      | 523 ||| DROPPING +0 robe.
   524 | D:1      | 524 ||| READING scroll labelled AFYLASTR COMMOMN.
   625 | D:1      | 625 ||| DRINKING 2 fizzy white potions.
   626 | D:1      | 626 ||| DROPPING scroll of poison.
   627 | D:1      | 627 ||| DROPPING potion of attraction.
   669 | D:2      | 669 ||| STAIRDANCE
   672 | D:1      | Reached skill level 4 in Ranged Weapons
   840 | D:2      | Reached XP level 4. HP: 36/36 MP: 4/4
   891 | D:2      | Found Yrur's Assorted Antiques.
   897 | D:2      | 897 ||| BUYING sapphire potion (19 gold).
   897 | D:2      | Bought a sapphire potion for 19 gold pieces
   897 | D:2      | 897 ||| BUYING sapphire potion (19 gold).
   897 | D:2      | Bought a sapphire potion for 19 gold pieces
   897 | D:2      | 897 ||| SHOPLISTING scroll labelled FUZEIN LOJIOB (22 gold,
                  | have 17).
   897 | D:2      | 897 ||| SHOPLISTING scroll labelled LIXIDE XEBB (22 gold,
                  | have 17).
   897 | D:2      | 897 ||| SHOPLISTING scroll labelled PUN ZIDOXUS (22 gold,
                  | have 17).
   897 | D:2      | 897 ||| SHOPLISTING silver wand (88 gold, have 17).
  1012 | D:2      | Found Zoot's Armour Shoppe.
  1022 | D:2      | 1022 ||| SHOPLISTING +0 ring mail (56 gold, have 29).
  1022 | D:2      | 1022 ||| SHOPLISTING +0 steam dragon scales "Jaurejaz"
                  | {Dex+4} (775 gold, have 29).
  1022 | D:2      | 1022 ||| SHOPLISTING +1 hat (154 gold, have 29).
  1022 | D:2      | 1022 ||| SHOPLISTING +2 robe (177 gold, have 29).
  1022 | D:2      | 1022 ||| SHOPLISTING +2 robe of willpower (247 gold, have
                  | 29).
  1147 | D:2      | 1147 ||| DROPPING scarf of invisibility.
  1148 | D:2      | 1148 ||| READING scroll labelled QACAIGO CAUZ.
  1149 | D:2      | 1149 ||| READING scroll labelled MOYWIU GA ITIDY.
  1150 | D:2      | 1150 ||| READING scroll labelled EGON RURETYEB.
  1151 | D:2      | 1151 ||| READING scroll labelled FUZEIN LOJIOB.
  1155 | D:2      | 1155 ||| DRINKING 4 sapphire potions.
  1156 | D:2      | 1156 ||| DRINKING 2 yellow potions.
  1157 | D:2      | 1157 ||| DROPPING potion of brilliance.
  1242 | D:3      | Noticed Ijyb
  1244 | D:3      | 1244 ||| FLEEEEING.
  1245 | D:3      | 1245 ||| FLEEEEING.
  1246 | D:3      | 1246 ||| FLEEEEING.
  1247 | D:3      | 1247 ||| FLEEEEING.
  1248 | D:3      | 1248 ||| FLEEEEING.
  1249 | D:3      | 1249 ||| FLEEEEING.
  1250 | D:3      | 1250 ||| FLEEEEING.
  1251 | D:3      | 1251 ||| FLEEEEING.
  1252 | D:3      | 1252 ||| FLEEEEING.
  1253 | D:3      | 1253 ||| FLEEEEING.
  1254 | D:3      | 1254 ||| FLEEEEING.
  1255 | D:3      | 1255 ||| FLEEEEING.
  1256 | D:3      | 1256 ||| FLEEEEING.
  1257 | D:3      | 1257 ||| FLEEEEING.
  1258 | D:3      | 1258 ||| FLEEEEING.
  1259 | D:3      | 1259 ||| FLEEEEING.
  1260 | D:3      | 1260 ||| FLEEEEING.
  1262 | D:3      | 1262 ||| FLEEEEING.
  1263 | D:3      | 1263 ||| FLEEEEING.
  1264 | D:3      | 1264 ||| FLEEEEING.
  1273 | D:3      | 1273 ||| FLEEEEING.
  1274 | D:3      | 1274 ||| FLEEEEING.
  1275 | D:3      | 1275 ||| FLEEEEING.
  1276 | D:3      | 1276 ||| FLEEEEING.
  1302 | D:3      | Killed Ijyb
  1303 | D:3      | Reached skill level 5 in Ranged Weapons
  1555 | D:3      | Noticed Natasha
  1557 | D:3      | 1557 ||| Stepping ~*~*~tactically~*~*~ (outnumbered).
  1559 | D:3      | HP: 3/37 [orc priest/divine providence (16)]
  1560 | D:3      | Killed Natasha
  1561 | D:3      | Reached skill level 3 in Fighting
  1561 | D:3      | Reached XP level 5. HP: 4/45 MP: 5/5
  1562 | D:3      | 1562 ||| DRINKING 3 potions of curing.
  1562 | D:3      | 1562 ||| (to cure confusion)
  1563 | D:3      | Killed from afar by an orc priest

Levels and vault maps discovered:
D:1:      minmay_arrival_up_and_down, layout_rooms, serial_shops, shop,
          nicolae_shop_overgrown_old_shop, shop
D:2:      layout_rooms, serial_shops, shop, nicolae_lakefront_shop
D:3:      layout_basic, uniq_ijyb, uniq_crazy_yiuf_cottage, uniq_natasha

Skill      XL: |  1  2  3  4 |
---------------+-------------+-----
Ranged Weapons | 3 4 5 |  5.3
Fighting       | 2 3 |  3.1
Dodging        | |  2.1
Spellcasting   | |  1.0
Hexes          | |  2.0

Action                     |  1- 3 |  4- 6 || total
---------------------------+-------+-------++-------
   Fire: Sling             |   119 |    71 ||   190
    Use: Scroll            |     1 |     4 ||     5
         Potion            |     1 |     3 ||     4
 Armour: Robe              |     6 |       ||     6
         Leather armour    |    10 |    13 ||    23
  Dodge: Dodged            |    33 |    16 ||    49

Table legend:
 A = Non-vault XP
 B = Vault XP
 C = Vault XP percentage of total XP
 D = Non-vault monster count
 E = Vault monster count
 F = Vault count percentage of total count
                 A         B        C        D         E       F
            +---------+---------+-------+---------+---------+-------
      Total |     152 |      71 |  31.8 |      58 |       2 |   3.3
            +---------+---------+-------+---------+---------+-------
        D:1 |      60 |       0 |   0.0 |      29 |       0 |   0.0
        D:2 |      66 |       0 |   0.0 |      21 |       0 |   0.0
        D:3 |      26 |      71 |  73.2 |       8 |       2 |  20.0
            +---------+---------+-------+---------+---------+-------
